 Seeded DCSS version 0.29-a0-371-g91724d5b39 (webtiles) character file.

Game seed: 20220502 (custom seed)

259 happo123 the Digger (level 6, 0/35 HPs)
             Began as a Gargoyle Earth Elementalist on May 2, 2022.
             Was a Follower of Vehumet.
             Slain by an ogre
             ... wielding a +0 giant spiked club
              (24 damage)
             ... on level 3 of the Dungeon.
             The game lasted 00:30:49 (3624 turns).

happo123 the Digger (Gargoyle Earth Elementalist)   Turns: 3624, Time: 00:30:49

Health: 0/35       AC: 10    Str: 11    XL:     6   Next: 17%
Magic:  9/10       EV: 10    Int: 18    God:    Vehumet [*.....]
Gold:   85         SH:  0    Dex: 10    Spells: 3/10 levels left

rFire   . . .      SeeInvis .   m - +0 quarterstaff
rCold   . . .      Faith    .   (shield currently unavailable)
rNeg    + + .      Spirit   .   h - +0 ring mail
rPois   ∞          Reflect  .   (no helmet)
rElec   +          Harm     .   p - +0 cloak
rCorr   .          Rampage  .   (no gloves)
Will    .....                   (no boots)
Stlth   +.........              (no amulet)
HPRegen 0.11/turn               n - ring of positive energy
MPRegen 0.12/turn               (no ring)

@: no status effects
A: sickness immunity, AC +4, negative energy resistance 1, electricity
resistance, torment resistance 1, petrification resistance
a: Renounce Religion


You were on level 3 of the Dungeon.
You worshipped Vehumet.
Vehumet was aware of your devotion.
You visited 1 branch of the dungeon, and saw 3 of its levels.

You collected 85 gold pieces.

Inventory:

Hand Weapons
 g - a +0 club
 m - a +0 quarterstaff (weapon)
 v - a +0 hunting sling
Missiles
 a - 61 stones
 o - 8 poisoned darts
 u - 3 curare-tipped darts
Armour
 b - a +0 robe
 h - a +0 ring mail (worn)
 p - a +0 cloak (worn)
Jewellery
 n - a ring of positive energy (left hand)
Scrolls
 d - 2 scrolls of fear {unknown}
 e - a scroll of immolation {unknown}
 i - 3 scrolls of identify {unknown}
 j - 2 scrolls of fog {unknown}
 l - a scroll of magic mapping {unknown}
 t - a scroll of teleportation {unknown}
Potions
 c - a potion of magic
 f - 2 potions of curing {unknown}
 k - a potion of berserk rage {unknown}
 q - a potion of heal wounds {unknown}
 r - a potion of lignification {unknown}
 s - 2 potions of degeneration {unknown}


   Skills:
 + Level 1.8 Fighting
 - Level 0.2(1.0) Maces & Flails
 + Level 1.6 Staves
 + Level 1.5 Armour
 + Level 2.3 Dodging
 + Level 2.9 Stealth
 + Level 2.9 Spellcasting
 + Level 1.2 Transmutations
 * Level 5.1 Earth Magic


You had 3 spell levels left.
You knew the following spells:

 Your Spells              Type           Power      Damage    Failure   Level
a - Sandblast             Erth           42%        2d11      4%          1
b - Stone Arrow           Conj/Erth      22%        3d8       38%         3
c - Summon Small Mammal   Summ           8%         N/A       36%         1
d - Passwall              Tmut/Erth      11%        N/A       16%         2

Your spell library contained the following spells:

 Spells                   Type           Power      Damage    Failure   Level
 Magic Dart               Conj           8%         1d3       36%         1
 Dazzling Flash           Conj/Hex       4%         N/A       75%         3
 Petrify                  Tmut/Erth      14%        N/A       71%         4
 Iskenderun's Mystic Bla  Conj/Tloc      2%         2d3       98%         4
 Blade Hands              Tmut           3%         N/A       99%         5
 Irradiate                Conj/Tmut      2%         3d14      100%        5
 Starburst                Conj/Fire      1%         6d3       100%        6
 Dragon Form              Tmut           3%         N/A       100%        7


Dungeon Overview and Level Annotations

Branches:
Dungeon (3/15)

Altars:
Vehumet

Shops:
D:3 [


Innate Abilities, Weirdness & Mutations

You are immune to sickness and miasma.
Your stone body is resilient. (AC +4)
You are immune to poison.
You resist negative energy. (rN+)
You are resistant to electric shocks. (rElec)
You are resistant to unholy torment.
You are immune to petrification.


Message History

You begin to meditate on the wall.
You continue meditating on the rock. x2
You finish merging with the rock.
Found a scroll labelled DIEMACKEGARO.
Found a stone staircase leading down.
j - 2 scrolls labelled DIEMACKEGARO (gained 1)
Casting: Passwall (safe; 16% risk of failure)
Confirm with . or Enter, or press ? or * to list all spells.
Aiming: Passwall (safe; 16% risk of failure)
Press: ? - help, Dir - move target You can't see that place. [Stash: a +0 club (...3)] [the floor.]
You begin to meditate on the wall.
You continue meditating on the rock. x2
You finish merging with the rock.
Magic restored.
Things that are here:
a +0 dagger; a +0 club; a kobold skeleton
Things that are here:
a +0 club; a +0 ring mail An ogre comes into view.
It is wielding a +0 giant spiked club.
The ogre shouts!
The ogre moves out of view.
Found a spear.
Casting: Passwall (safe; 16% risk of failure)
Confirm with . or Enter, or press ? or * to list all spells.
The spell is quite dangerous to miscast (38% risk of failure)!
Continue anyway?
Okay, then.
Found 9 gold pieces.
Aiming: Sandblast (safe; 4% risk of failure)
Press: ? - help, Q - select action, (/) - cycle Shift-Dir - straight line, f - ogre
Aim: an ogre, wielding a +0 giant spiked club (91% to hit)
The blast of sand hits the ogre!
The ogre is heavily wounded.
You sock the ogre!
The ogre is severely wounded.
The ogre hits you with a +0 giant spiked club!
You hit the ogre.
The ogre is almost dead.
The ogre hits you with a +0 giant spiked club!!
Ouch! That really hurt!
You die...

#...........#... .....$.
#........#.##.##
.......##........#.#..##
....)...#........#......
........#..............#
........######.#........
........# ###..#........
.......O###...##........
.......@.##.########....
#.....##....# #....
##### ###### #.... #....
#.... #.... #....


You could see an ogre.

Vanquished Creatures
  2 kobold brigands (D:3)
  4 adders
  2 worms (D:2)
  2 dart slugs (D:1)
  An orc (D:3)
  6 endoplasms
  7 giant cockroaches
  2 goblins (D:1)
  9 hobgoblins
  3 jackals (D:1)
  2 quokkas (D:1)
  2 bats
  A frilled lizard (D:1)
  11 kobolds
  7 rats
61 creatures vanquished.

Vanquished Creatures (collateral kills)
  An adder (D:2)
1 creature vanquished.

Vanquished Creatures (others)
  A plant (D:1)
1 creature vanquished.

Grand Total: 63 creatures vanquished

Notes
Turn   | Place    | Note
-------+----------+-------------------------------------------
     0 | D:1      | happo123 the Gargoyle Earth Elementalist began the quest
                  | for the Orb.
     0 | D:1      | Reached XP level 1. HP: 10/10 MP: 3/3
   175 | D:1      | Reached XP level 2. HP: 11/15 MP: 3/5
   313 | D:1      | Reached skill level 4 in Earth Magic
   592 | D:1      | Found a faded altar of an unknown god.
   600 | D:1      | Got Plato's Handbook of the Escort
  1242 | D:1      | Reached XP level 3. HP: 19/19 MP: 6/6
  1679 | D:1      | Learned a level 3 spell: Stone Arrow
  1681 | D:1      | Learned a level 1 spell: Summon Small Mammal
  1682 | D:2      | Found a radiant altar of Vehumet.
  1703 | D:2      | Reached skill level 1 in Fighting
  1707 | D:2      | Became a worshipper of Vehumet
  2153 | D:2      | Reached XP level 4. HP: 25/25 MP: 7/7
  2569 | D:2      | Reached skill level 1 in Staves
  3193 | D:3      | Found Camot's Armour Boutique.
  3284 | D:3      | Reached * piety under Vehumet
  3284 | D:3      | Offered knowledge of Magic Dart by Vehumet.
  3289 | D:3      | Reached XP level 5. HP: 24/29 MP: 4/9
  3292 | D:3      | Noticed a kobold brigand
  3296 | D:3      | Reached skill level 1 in Armour
  3308 | D:3      | Killed a kobold brigand
  3309 | D:3      | Reached skill level 1 in Transmutations
  3463 | D:3      | Noticed a kobold brigand
  3472 | D:3      | Killed a kobold brigand
  3473 | D:3      | Reached skill level 5 in Earth Magic
  3473 | D:3      | Reached XP level 6. HP: 33/35 MP: 4/10
  3494 | D:3      | Learned a level 2 spell: Passwall
  3624 | D:3      | Slain by an ogre

Illustrated notes

Levels and vault maps discovered:
D:1:      minmay_arrival_four_houses, layout_loops_corners,
          shapermc_ecumenical_altar_rom_forum, minmay_misc_feat_doors
D:2:      layout_loops_corners, basic_altar, minmay_heptomino_w4
D:3:      cheibrodos_thug_alley, layout_rooms, serial_shops, shop

Skill      XL: |  1  2  3  4  5 |
---------------+----------------+-----
Earth Magic    | 4 5 |  5.1
Fighting       | 1 |  1.8
Staves         | 1 |  1.6
Dodging        | 2 |  2.3
Armour         | 1 |  1.5
Transmutations | 1 |  1.2
Maces & Flails | |  0.2
Stealth        | |  2.9
Spellcasting   | |  2.9

Action                   |  1- 3 |  4- 6 || total
-------------------------+-------+-------++-------
Melee: Club              |   104 |       ||   104
       Quarterstaff      |    17 |    88 ||   105
 Cast: Sandblast         |    14 |    20 ||    34
       Summon Small Mamm |     1 |       ||     1
       Passwall          |       |     2 ||     2
 Stab: Sleeping          |     1 |     2 ||     3
Armor: Robe              |    19 |       ||    19
       Ring mail         |    38 |    42 ||    80
Dodge: Dodged            |    89 |    57 ||   146

Table legend: (Time is in decaauts)
 A = Elapsed time spent in this place.
 B = Non-inter-level travel time spent in this place.
 C = Inter-level travel time spent in this place.
 D = Time resting spent in this place.
 E = Time spent auto-exploring this place.
 F = Levels seen in this place.
 G = Mean time per level.
                   A        B        C        D        E       F      G
               +--------+--------+--------+--------+--------+-----+--------+
         Total |   3681 |   2887 |    794 |    980 |   1227 |   3 | 1227.0 |
       Dungeon |   3681 |   2887 |    794 |    980 |   1227 |   3 | 1227.0 |
               +--------+--------+--------+--------+--------+-----+--------+

Top non-repeatable levels by time:
     D:1: 1710 daAuts
     D:2: 1375 daAuts
     D:3: 595 daAuts
